 Dungeon Crawl Stone Soup version 0.28.0-53-g5a82cb258f (webtiles) character file.

Game seed: 12668276610027479285

532 LustLizard the Firebug (level 7, -2/54 HPs)
             Began as a Human Cinder Acolyte on June 25, 2022.
             Was an Elder of Ignis.
             Slain by Edmund
             ... wielding a +2 dire flail of holy wrath
              (10 damage)
             ... on level 3 of the Dungeon.
             The game lasted 00:31:31 (5657 turns).

LustLizard the Firebug (Human Cinder Acolyte)       Turns: 5657, Time: 00:31:31

Health: -2/54      AC:  9    Str: 14    XL:     7   Next: 49%
Magic:  10/10      EV:  8    Int: 14    God:    Ignis [****..]
Gold:   189        SH:  0    Dex: 11    Spells: 7/10 levels left

rFire   + . .      SeeInvis .   a - -1 spear (flame)
rCold   . . .      Faith    .   (no shield)
rNeg    . . .      Spirit   .   p - +0 scale mail
rPois   .          Reflect  .   k - +1 helmet
rElec   .          Harm     .   i - +0 cloak
rCorr   .          Rampage  .   (no gloves)
Will    .....                   (no boots)
Stlth   +.........              (no amulet)
HPRegen 0.18/turn               (no ring)
MPRegen 0.12/turn               (no ring)

@: no status effects
A: no striking features
a: Renounce Religion, Fiery Armour, Foxfire Swarm, Rising Flame


You were on level 3 of the Dungeon.
You worshipped Ignis.
Ignis was greatly pleased with you.
You visited 1 branch of the dungeon, and saw 4 of its levels.
You also visited: Sewer.

You collected 189 gold pieces.

Inventory:

Hand Weapons
 a - a -1 spear of flaming (weapon)
 g - a +0 halberd
Missiles
 h - 105 stones (quivered)
Armour
 b - a +0 robe
 d - a +0 leather armour
 i - a +0 cloak (worn)
 k - a +1 helmet (worn)
 p - a +0 scale mail (worn)
Wands
 y - a wand of polymorph (5)
Scrolls
 e - a scroll of noise {unknown}
 l - a scroll of vulnerability {unknown}
 m - 3 scrolls of identify {unknown}
 n - a scroll of fog {unknown}
 o - a scroll of immolation {unknown}
 q - a scroll of brand weapon {unknown}
 t - a scroll of blinking
 u - a scroll of enchant weapon {unknown}
 v - a scroll of holy word {unknown}
 x - a scroll of summoning {unknown}
Potions
 c - a potion of magic {unknown}
 f - 2 potions of cancellation {unknown}
 j - a potion of ambrosia {unknown}
 r - a potion of degeneration {unknown}
 s - a potion of flight {unknown}
 w - 2 potions of heal wounds
 z - a potion of brilliance {unknown}


   Skills:
 + Level 4.2 Fighting
 + Level 4.2 Polearms
 - Level 3.0 Stealth
 - Level 2.0 Spellcasting
 * Level 2.1 Conjurations
 * Level 5.0 Fire Magic


You had 7 spell levels left.
You knew the following spells:

 Your Spells              Type           Power      Damage    Failure   Level
a - Scorch                Fire           30%        2d7       21%         2
b - Magic Dart            Conj           28%        1d4       41%         1

Your spell library contained the following spells:

 Spells                   Type           Power      Damage    Failure   Level
 Call Imp                 Summ           1%         N/A       85%         2
 Mephitic Cloud           Conj/Pois/Air  3%         N/A       94%         3


Dungeon Overview and Level Annotations

Branches:
Dungeon (4/15)              Sewer (visited)
 Temple: D:4-7

Altars:

Shops:
D:4 =

Annotations:
D:3 Edmund
D:4 Dowan, Duvessa, Pikel


Message History

Edmund is lightly wounded.
You closely miss Edmund.
Edmund is lightly wounded.
Edmund hits you but does no damage.
You barely miss Edmund.
Edmund is lightly wounded.
Edmund is no longer more vulnerable to fire.
Edmund hits you with a +2 dire flail of holy wrath.
You hit Edmund but do no damage.
Edmund is lightly wounded.
Edmund hits you with a +2 dire flail of holy wrath.
You hit Edmund but do no damage.
Edmund is lightly wounded.
Edmund hits you with a +2 dire flail of holy wrath.
You hit Edmund. You burn Edmund.
Edmund is moderately wounded.
Edmund hits you with a +2 dire flail of holy wrath.
You hit Edmund but do no damage.
Edmund is moderately wounded.
You hit Edmund but do no damage.
Edmund is moderately wounded.
Edmund hits you with a +2 dire flail of holy wrath!
You hit Edmund but do no damage.
Edmund is lightly wounded.
Edmund hits you with a +2 dire flail of holy wrath!
You hit Edmund. You burn Edmund.
Edmund is moderately wounded.
Edmund hits you with a +2 dire flail of holy wrath!
* * * LOW HITPOINT WARNING * * *
Edmund grinds his teeth, and then sighs.
Edmund hits you with a +2 dire flail of holy wrath.
* * * LOW HITPOINT WARNING * * *
Edmund hits you with a +2 dire flail of holy wrath!
* * * LOW HITPOINT WARNING * * *
The iguana hisses angrily.
There is a stone staircase leading up here.
You climb upwards.
There is a stone staircase leading down here.
Edmund hits you with a +2 dire flail of holy wrath!
You die...

##### ### #...# #.# #...#
###################<#
#...#######..@@....)...........
#....†...##.#.###.###########.#
#...####.##.#.# #.# #.# #..†#
#....#.###.# #.. #..)#
#######.#...# ### #...#
#.......#.### #...# #.#####.#.#
#...# #.# #...#.# #######
##.#####.# #.#.#.# #......


You could see Edmund.

Vanquished Creatures
  An ogre (D:3)
  A lemure (D:3)
  2 bullfrogs (Sewer)
  A hound (D:3)
  Natasha (thrice) (D:3)
  2 iguanas (D:3)
  4 gnolls
  5 adders
  An adder skeleton (D:4)
  A worm (D:3)
  A dart slug (D:3)
  5 orcs
  7 bats
  4 endoplasms
  7 giant cockroaches
  A goblin (D:2)
  5 hobgoblins
  2 jackals (D:1)
  4 kobolds
  4 quokkas
  11 ball pythons
  8 frilled lizards
  8 rats
88 creatures vanquished.

Notes
Turn   | Place    | Note
-------+----------+-------------------------------------------
     0 | D:1      | LustLizard the Human Cinder Acolyte began the quest for the
                  | Orb.
     0 | D:1      | Reached XP level 1. HP: 18/18 MP: 2/2
    43 | D:1      | Reached XP level 2. HP: 18/24 MP: 3/3
   101 | D:1      | Reached XP level 3. HP: 11/29 MP: 3/5
  1351 | D:3      | Reached skill level 1 in Stealth
  1351 | D:3      | Reached XP level 4. HP: 29/35 MP: 6/6
  1875 | D:3      | Found a glowing drain.
  1884 | Sewer    | Entered a sewer
  2169 | Sewer    | Reached XP level 5. HP: 41/41 MP: 8/8
  2384 | Sewer    | Noticed a bullfrog
  2385 | Sewer    | Noticed a bullfrog
  2404 | Sewer    | Killed a bullfrog
  2405 | Sewer    | Reached skill level 4 in Fire Magic
  2414 | Sewer    | Killed a bullfrog
  2415 | Sewer    | Reached XP level 6. HP: 14/48 MP: 9/9
  3297 | D:3      | Learned a level 2 spell: Scorch
  3299 | D:3      | Learned a level 1 spell: Magic Dart
  3678 | D:4      | Noticed an ogre
  3799 | D:4      | Found Ilo Gyke's Jewellery Emporium.
  3814 | D:4      | Noticed Natasha
  4174 | D:4      | Noticed Duvessa
  4290 | D:3      | Killed Natasha
  4292 | D:3      | Reached skill level 1 in Conjurations
  4292 | D:3      | Reached XP level 7. HP: 40/54 MP: 10/10
  4373 | D:3      | Noticed Natasha
  4380 | D:3      | Killed Natasha
  4403 | D:3      | Noticed Natasha
  4416 | D:3      | Killed Natasha
  4528 | D:4      | Noticed Dowan
  4816 | D:3      | Reached skill level 5 in Fire Magic
  5050 | D:4      | Noticed Pikel
  5492 | D:4      | Noticed Edmund
  5657 | D:3      | Slain by Edmund

Illustrated notes

Levels and vault maps discovered:
D:1:      lemuel_arrival_tunnels, layout_rooms
D:2:      layout_rooms
D:3:      layout_basic, portal_sewer_entry_f, ebering_dispersal_statue_hall,
          minmay_crystal_room, moated_statue
D:4:      layout_basic, nicolae_wu_jian_wuxing_cycle, serial_shops,
          nicolae_shop_hallway_plus, uniq_edmund, uniq_duvessa, uniq_pikel,
          uniq_natasha

Skill      XL: |  1  2  3  4  5  6  7 |
---------------+----------------------+-----
Stealth        | 1 2 3 |  3.0
Spellcasting   | 2 |  2.0
Fire Magic     | 4 5 |  5.0
Fighting       | 4 |  4.2
Polearms       | 4 |  4.2
Conjurations   | 1 2 |  2.1

Action                   |  1- 3 |  4- 6 |  7- 9 || total
-------------------------+-------+-------+-------++-------
Melee: Spear             |   105 |   281 |    99 ||   485
       Punch             |       |     2 |     1 ||     3
Throw: Stone             |     9 |   104 |    26 ||   139
       Throwing net      |       |     1 |       ||     1
 Cast: Scorch            |       |     1 |     3 ||     4
Invok: Fiery Armour      |     1 |     2 |       ||     3
  Use: Potion            |       |     2 |       ||     2
 Stab: Distracted        |     1 |       |       ||     1
       Sleeping          |     1 |       |       ||     1
Armor: Robe              |    21 |       |       ||    21
       Scale mail        |    13 |   160 |    25 ||   198
Dodge: Dodged            |    44 |   127 |    24 ||   195
